 Dungeon Sprint DCSS version 0.26-a0-1147-g3780a7a11b (webtiles) character file.

Game seed: 3275196631474305703

51 rocky1 the Firebug (level 3, -2/39 HPs)
             Began as a Hill Orc Fire Elementalist on Dec 23, 2020.
             Was a Priest of Sif Muna.
             Slain by an orc warrior
             ... wielding a +0 flail
              (11 damage)
             ... in the Dungeon (Sprint VII: "The Pits").
             The game lasted 00:03:02 (372 turns).

rocky1 the Firebug (Hill Orc Fire Elementalist)      Turns: 372, Time: 00:03:03

Health: -2/39      AC:  2    Str: 10    XL:     3   Next: 81%
Magic:  1/7        EV: 13    Int: 16    God:    Sif Muna [***...]
Gold:   0          SH:  0    Dex: 11    Spells: 6/7 levels left

rFire    . . .     SeeInvis .   l - +2 hand axe
rCold    . . .     Faith    .   (no shield)
rNeg     . . .     Spirit   .   a - +0 robe
rPois    .         Reflect  .   (no helmet)
rElec    .         Harm     .   (no cloak)
rCorr    .         Rampage  .   (no gloves)
Will     .....     NoTele   +   (no boots)
Stlth    ..........             (no amulet)
HPRegen  0.13/turn              (no ring)
MPRegen  0.10/turn              (no ring)

@: berserking (expiring), very quick
A: no striking features
a: Renounce Religion, Channel Magic, Forget Spell


You were in the Dungeon.
You worshipped Sif Muna.
Sif Muna was most pleased with you.
You visited 1 branch

Inventory:

Hand Weapons
 l - a +2 hand axe (weapon)
Armour
 a - a +0 robe (worn)
Scrolls
 h - a scroll of blinking
 i - 3 scrolls of remove curse
 j - 5 scrolls of amnesia
 k - a scroll of summoning
Potions
 b - 2 potions of invisibility
 d - a potion of heal wounds
 e - a potion of haste
 f - 4 potions of magic
 g - 2 potions of berserk rage


   Skills:
 + Level 3.6 Axes
 + Level 2.9 Dodging
 - Level 1.5 Stealth
 + Level 2.7 Spellcasting
 - Level 1.0 Conjurations
 + Level 5.3 Fire Magic
 + Level 3.6 Invocations


You had 6 spell levels left.
You knew the following spells:

 Your Spells              Type           Power        Failure   Level
a - Foxfire               Conj/Fire      48%          5%          1

Your spell library contained the following spells:

 Spells                   Type           Power        Failure   Level
 Conjure Flame            Conj/Fire      12%          16%         3
 Inner Flame              Hex/Fire       10%          21%         3
 Sticky Flame             Conj/Fire      12%          47%         4
 Fireball                 Conj/Fire      6%           83%         5


Dungeon Overview and Level Annotations

Branches:
Dungeon (1/1)

Altars:
Ashenzari
Cheibriados
Dithmenos
Elyvilon
Fedhas
Gozag
Hepliaklqana
Kikubaaqudgha
Makhleb
Nemelex Xobeh
Okawaru
Qazlal
Ru
Sif Muna
Trog
Uskayaw
Vehumet
Wu Jian
Xom
Yredelemnul
Zin
The Shining One
Beogh
Jiyva
Lugonu


Message History

You can now freely open your mind to new spells.
The orc warrior hits you with a +0 flail!!
Ouch! That really hurt!
* * * LOW HITPOINT WARNING * * *
You barely miss the orc warrior.
The orc warrior is moderately wounded.
You barely miss the orc warrior.
The orc warrior is moderately wounded.
You hit the orc. The orc warrior barely misses you.
The orc hits you with a +0 flail.
* * * LOW HITPOINT WARNING * * *
You closely miss the orc warrior.
The orc warrior is moderately wounded.
You hit the orc.
You kill the orc!
Sif Muna accepts your kill.
You closely miss the orc warrior.
The orc warrior is moderately wounded.
The orc warrior hits you with a +0 flail!
You die...

##########.##..........
#.......§...'..†.......
#+#####†#####......#..#
#.....# #..........
#...v.# ####'#####+
###'### #.......#
#..)..# #.......#
#.....# #.......#
####@## #...<...#
#..)o)...##.......#
#........##.......#
###########.......#
#########


You could see an orc warrior.

Vanquished Creatures
  An orc wizard (D)
  An ooze (D)
  4 orcs (D)
  2 bats (D)
  2 jackals (D)
  A frilled lizard (D)
  A kobold (D)
  A rat (D)
13 creatures vanquished.

Vanquished Creatures (others)
  18 foxfires (D)
18 creatures vanquished.

Grand Total: 31 creatures vanquished

Notes
Turn   | Place    | Note
-------+----------+-------------------------------------------
     0 | D        | rocky1 the Hill Orc Fire Elementalist began the quest for
                  | the Orb.
     0 | D        | Reached XP level 1. HP: 14/14 MP: 3/3
    17 | D        | Reached skill level 4 in Fire Magic
    48 | D        | Found a bloodstained altar of Trog.
    48 | D        | Found a shimmering blue altar of Sif Muna.
    48 | D        | Found a viscous altar of Jiyva.
    48 | D        | Found a hazy altar of Hepliaklqana.
    48 | D        | Found an opulent altar of Gozag.
    49 | D        | Found a glowing golden altar of the Shining One.
    49 | D        | Found a glowing silver altar of Zin.
    49 | D        | Found a basalt altar of Yredelemnul.
    49 | D        | Found a shimmering altar of Xom.
    49 | D        | Found an ornate altar of the Wu Jian Council.
    49 | D        | Found a sacrificial altar of Ru.
    49 | D        | Found a stormy altar of Qazlal.
    49 | D        | Found an iron altar of Okawaru.
    49 | D        | Found a sparkling altar of Nemelex Xobeh.
    49 | D        | Found a burning altar of Makhleb.
    49 | D        | Found a blossoming altar of Fedhas.
    49 | D        | Found a white marble altar of Elyvilon.
    49 | D        | Found a shadowy altar of Dithmenos.
    49 | D        | Found a snail-covered altar of Cheibriados.
    51 | D        | Found a radiant altar of Vehumet.
    51 | D        | Found a corrupted altar of Lugonu.
    51 | D        | Found a roughly hewn altar of Beogh.
    52 | D        | Found a hide-covered altar of Uskayaw.
    52 | D        | Found an ancient bone altar of Kikubaaqudgha.
    52 | D        | Found a broken altar of Ashenzari.
    54 | D        | Became a worshipper of Sif Muna the Loreminder
    75 | D        | Reached * piety under Sif Muna
    76 | D        | Reached skill level 1 in Axes
    76 | D        | Reached skill level 1 in Invocations
   215 | D        | Reached XP level 2. HP: 20/20 MP: 0/4
   357 | D        | Reached ** piety under Sif Muna
   364 | D        | Noticed an orc warrior
   367 | D        | Reached skill level 5 in Fire Magic
   367 | D        | Reached XP level 3. HP: 26/26 MP: 1/6
   368 | D        | Reached *** piety under Sif Muna
   372 | D        | Slain by an orc warrior

Illustrated notes

Levels and vault maps discovered:
D:        pitsprint [storerooms_1, entrance_room_1, metal_vault_5, armoury_2,
          mini_pit_1, grid_room_1, main_hall_1, silver_pit, the_coven_3,
          the_vestibule_1, steel_vault_1, golden_pit, hallway_of_sentries,
          crystal_vault_2, iron_vault_3, final_vault]

Skill      XL: |  1  2 |
---------------+-------+-----
Fire Magic     | 4 5 |  5.3
Axes           | 1 3 |  3.6
Invocations    | 1 3 |  3.6
Dodging        | 2 |  2.9
Spellcasting   | 2 |  2.7
Stealth        | |  1.5
Conjurations   | |  1.0

Action                   || total
-------------------------++-------
Melee: Hand axe          ||    21
 Cast: Foxfire           ||    11
  Use: Potion            ||     2
Armor: Robe              ||     7
Dodge: Dodged            ||    14

Table legend: (Time is in decaauts)
 A = Elapsed time spent in this place.
 B = Non-inter-level travel time spent in this place.
 C = Inter-level travel time spent in this place.
 D = Time resting spent in this place.
 E = Time spent auto-exploring this place.
 F = Levels seen in this place.
 G = Mean time per level.
                   A        B        C        D        E       F      G
               +--------+--------+--------+--------+--------+-----+--------+
         Total |    372 |    372 |      0 |    258 |      0 |   1 |  372.0 |
       Dungeon |    372 |    372 |      0 |    258 |      0 |   1 |  372.0 |
               +--------+--------+--------+--------+--------+-----+--------+

Top non-repeatable levels by time:
       D: 372 daAuts
